 Dungeon Crawl Stone Soup version 0.31-a0-564-g3b7de120b3 (webtiles) character file.

Game seed: 14501241182121064511

1650 Zenkrye the Grappler (level 8, -2/58 HPs)
             Began as a Demigod Shapeshifter on Aug 17, 2023.
             Killed from afar by Maggie (17 damage)
             ... with a bolt of fire
             ... on level 5 of the Dungeon.
             The game lasted 00:12:41 (4447 turns).

Zenkrye the Grappler (Demigod Shapeshifter)         Turns: 4447, Time: 00:12:41

Health: -2/58      AC: 12    Str: 30    XL:     8   Next: 40%
Magic:  10/10      EV:  9    Int: 10    God:
Gold:   232        SH:  0    Dex: 14    Spells: 7/7 levels left

rFire   . .          .
                       - Unarmed
rCold   . . .        (no shield)
rNeg    . . .        b - +4 chain mail {rPois}
rPois   +            f - melded +2 helmet "Boqem" {rPois rN+}
rElec   .            (cloak currently unavailable)
rCorr   .            (gloves currently unavailable)
SInv    .            (boots currently unavailable)
Will    .....        (no amulet) Stlth
                     h - +6 ring of strength
HPRegen 0.29/turn    (no ring)
MPRegen 0.12/turn

%: no passive effects
@: beast-form, mesmerised
A: beast (slay +3), high MP 1, forlorn, divine attributes
a: Begin Untransformation


You were on level 5 of the Dungeon.
You were a hulking beast.
You visited 1 branch of the dungeon, and saw 6 of its levels.

You collected 290 gold pieces.
You spent 58 gold pieces at shops.

Inventory:

Missiles
 g - 9 poisoned darts (quivered)
 j - 2 atropa-tipped darts
Armour
 b - a +4 chain mail of poison resistance (worn)
 f - the +2 helmet "Boqem" (melded) {rPois rN+}
   (You found it on level 3 of the Dungeon)

   rPois:     It protects you from poison rN+: It protects you from negative
   energy.
 p - a +0 pair of boots
Jewellery
 h - a +6 ring of strength (left hand)
Talismans
 c - a beast talisman (active)
 d - a flux talisman
Wands
 e - a wand of charming (7)
 n - a wand of flame (6)
 q - a wand of mindburst (14)
Scrolls
 i - 2 scrolls of identify {@r1}
 l - a scroll of amnesia
Potions
 a - 2 potions of magic
 k - a potion of might {@q4}
 m - 4 potions of enlightenment
 o - a potion of resistance {@q6}


   Skills:
 - Level 0.8 Fighting
 - Level 1.7 Dodging
 * Level 8.7 Unarmed Combat
 + Level 5.6 Shapeshifting


You had 7 spell levels left.
You didn't know any spells.
Your spell library contained the following spells:

 Spells                   Type           Power      Damage    Failure   Level
 Necrotise                Necr           0%         1d4       87%         1
 Vampiric Draining        Necr           0%         2d6       99%         3
 Agony                    Necr           0%         N/A       100%        5
 Alistair's Intoxication  Tmut/Pois      0%         N/A       100%        5
 Borgnjor's Vile Clutch   Necr/Erth      0%         N/A       100%        5
 Eringya's Noxious Bog    Tmut/Pois      0%         4d6       100%        6


Dungeon Overview and Level Annotations

Branches:
Dungeon (6/15)
 Temple: D:4-7

Shops:
D:6 *

Annotations:
D:4 Blork the orc, Duvessa
D:5 Maggie
D:6 Jeremiah


Innate Abilities, Weirdness & Mutations

You are a hulking beast.
Your limbs bulge with bestial killing power. (Slay +3)
You have an increased reservoir of magic. (+10% MP)
You shall have no god before yourself.
Your divine heritage dramatically boosts your attributes as you level up.


Message History

You climb upwards.
Level annotation: Maggie Maggie shouts!
Maggie hits you from afar with a +1 glaive of flaming!
Maggie burns you.
There is a stone staircase leading down here.
The water moccasin bites you but does no damage.
Maggie mumbles some strange words.
Maggie attempts to bespell you! You resist.
Things that are here:
a +0 robe; a +0 dagger Maggie barely misses you.
The water moccasin bites you!
* * * LOW HITPOINT WARNING * * *
The water moccasin bites you but does no damage.
Unknown command.
Unknown command.
Okay, then.
Unknown command.
Maggie mumbles some strange words.
Maggie attempts to bespell you!
You are mesmerised by Maggie!
You cannot move away from Maggie!
What are your orders? t - Shout!
Orders for allies: a - Attack new target. r - Retreat! s - Stop attacking. g - Guard the area. f - Follow me.
Anything else - Cancel.
Retreat in which direction?
Press: ? - help, Dir - move target, f - you
Okay, then.
Unknown command.
Aiming: Charm
Press: ? - help, Shift-Dir - straight line, f - water moccasin
Aim: a water moccasin (chance to affect: 49%)
The water moccasin is charmed.
Maggie casts a spell at you.
The bolt of fire hits your water moccasin!!
The bolt of fire hits you!
You die...

.### #...# #....<.# .#
###...## ####.### .#
#......# #.# .# #.##.#.##
############## # .#
#.......# #...⌠#.......###
##
#.......####...###.####....
###...##.....#._.....#
#####
#[...........#...##### #
### #[#....#...#h#...⌠#
..###[#..#.#...#S######
......#........#.##.#
....######.###.#@##.#####
.##.# #........)..[.....#
.##.# #.......##....>...#
.##.# #.......##........#
....# #.......##........#
.##.# #.......###.......#


You could see Maggie (mesmerising, ally target) and a friendly water moccasin
(charmed).

Vanquished Creatures
  4 yaks (D:6)
  A water moccasin (D:6)
  An ice beast (D:6)
  An ogre (D:6)
  A centaur (D:6)
  A phantom (D:5)
  3 scorpions
  Dowan (D:4)
  2 hounds (D:5)
  Ijyb (D:3)
  Terence (D:2)
  3 iguanas
  3 orc wizards (D:5)
  Robin (D:3)
  4 adders
  A shadow imp (D:5)
  2 white imps (D:5)
  7 dart slugs
  7 orcs
  2 ball pythons
  3 bats
  4 endoplasms
  A giant cockroach (D:3)
  12 goblins
  8 hobgoblins
  4 jackals
  A quokka (D:2)
  2 frilled lizards (D:2)
  3 kobolds
  5 rats
90 creatures vanquished.

Notes
Turn   | Place    | Note
-------+----------+-------------------------------------------
     0 | D:1      | Zenkrye the Demigod Shapeshifter began the quest for the
                  | Orb.
     0 | D:1      | Reached XP level 1. HP: 15/15 MP: 3/3
   125 | D:1      | Reached skill level 3 in Unarmed Combat
   500 | D:2      | Reached XP level 2. HP: 22/22 MP: 4/4
   635 | D:2      | Noticed Terence
   646 | D:2      | Killed Terence
   647 | D:2      | Reached XP level 3. HP: 27/27 MP: 5/5
  1326 | D:2      | Reached skill level 4 in Unarmed Combat
  1485 | D:3      | Reached XP level 4. HP: 34/34 MP: 6/6
  1628 | D:3      | Noticed Ijyb
  1661 | D:3      | Killed Ijyb
  1667 | D:3      | Noticed Robin
  1910 | D:3      | Identified the +2 helmet "Boqem" {rPois rN+}
  2125 | D:3      | Killed Robin
  2349 | D:4      | Noticed Blork the orc
  2364 | D:3      | Reached XP level 5. HP: 20/39 MP: 7/7
  2438 | D:4      | Noticed Dowan
  2448 | D:3      | Reached skill level 5 in Unarmed Combat
  2475 | D:4      | Killed Dowan
  2475 | D:4      | Noticed Duvessa
  2553 | D:5      | Entered Level 5 of the Dungeon
  2612 | D:5      | Reached XP level 6. HP: 43/46 MP: 8/8
  2813 | D:5      | Reached skill level 6 in Unarmed Combat
  3048 | D:5      | Reached XP level 7. HP: 21/51 MP: 9/9
  3579 | D:6      | Reached skill level 7 in Unarmed Combat
  3658 | D:6      | Noticed a yak
  3675 | D:6      | Killed a yak
  3772 | D:6      | Noticed a yak
  3772 | D:6      | Noticed a yak
  3772 | D:6      | Noticed a yak
  3781 | D:6      | Killed a yak
  3782 | D:6      | Reached skill level 5 in Shapeshifting
  3782 | D:6      | Reached XP level 8. HP: 58/58 MP: 10/10
  3788 | D:6      | Reached skill level 8 in Unarmed Combat
  4179 | D:6      | Noticed Maggie
  4180 | D:6      | Found Forus's CLEARANCE SALE!.
  4188 | D:6      | Bought 2 potions of enlightenment for 40 gold pieces
  4188 | D:6      | Bought a +0 pair of boots for 18 gold pieces
  4422 | D:6      | Noticed Jeremiah
  4447 | D:5      | Killed from afar by Maggie

Illustrated notes

Levels and vault maps discovered:
D:1:      lightli_arrival_boilingwater, layout_basic,
          ebering_ecumenical_altar_rust
D:2:      minmay_spotlight, layout_loops_corners, uniq_terence
D:3:      layout_basic, mainiacjoe_overflow_concentric_impassable,
          nicolae_goblin_pals
D:4:      layout_cave_pools, nicolae_gozag_seed_capital,
          nzn_wu_jian_contemplation, minmay_temple_entry_waves,
          serial_column_ruins, column_ruins_temple_circle,
          column_ruins_square_medium, column_ruins_open_tiny,
          column_ruins_grid_1, column_ruins_open_medium,
          column_ruins_columns_corner, nicolae_nh_ransacked_shop, uniq_duvessa,
          uniq_blork_the_orc
D:5:      layout_loops_cross, mainiacjoe_overflow_alcove_2
D:6:      layout_loops_ring, general_overflow_altar, nicolae_shop_clearance,
          uniq_maggie, uniq_jeremiah

Skill      XL: |  1  2  3  4  5  6  7  8 |
---------------+-------------------------+-----
Unarmed Combat | 3 4 5 6 7 8 |  8.7
Shapeshifting  | 3 4 5 |  5.6
Fighting       | |  0.8
Dodging        | |  1.7

Action                     |  1- 3 |  4- 6 |  7- 9 || total
---------------------------+-------+-------+-------++-------
  Melee: Unarmed           |    92 |   135 |    61 ||   288
         Punch             |     3 |     4 |     3 ||    10
  Throw: Dart              |     3 |    14 |     9 ||    26
Ability: Begin Untransform |       |     1 |       ||     1
  Evoke: Wand              |       |       |     3 ||     3
    Use: Scroll            |     9 |     3 |     1 ||    13
         Potion            |     1 |       |     1 ||     2
 Armour: Animal skin       |     4 |       |       ||     4
         Skin              |     6 |       |       ||     6
         Chain mail        |    29 |    67 |    23 ||   119
  Dodge: Dodged            |    25 |    49 |    27 ||   101
   Form: Beast             |       |     1 |       ||     1

Table legend: (Time is in decaauts)
 A = Elapsed time spent in this place.
 B = Non-inter-level travel time spent in this place.
 C = Inter-level travel time spent in this place.
 D = Time resting spent in this place.
 E = Time spent auto-exploring this place.
 F = Levels seen in this place.
 G = Mean time per level.
                   A        B        C        D        E       F      G
               +--------+--------+--------+--------+--------+-----+--------+
         Total |   4423 |   4194 |    229 |    364 |   3007 |   6 |  737.2 |
       Dungeon |   4423 |   4194 |    229 |    364 |   3007 |   6 |  737.2 |
               +--------+--------+--------+--------+--------+-----+--------+

Top non-repeatable levels by time:
     D:2: 1126 daAuts
     D:5: 987 daAuts
     D:6: 892 daAuts
     D:3: 859 daAuts
     D:1: 489 daAuts
     D:4: 70 daAuts
